 Dungeon Crawl Stone Soup version 0.30-a0-881-g1ff12e1e11 (webtiles) character file.

Game seed: 17229309466660744506

130 dialectric the Covered (level 4, -1/35 HPs)
             Began as a Demonspawn Fighter on Mar 14, 2023.
             Slain by a river rat (6 damage)
             ... on level 3 of the Dungeon.
             The game lasted 00:03:00 (2055 turns).

dialectric the Covered (Demonspawn Fighter)         Turns: 2055, Time: 00:03:00

Health: -1/35      AC:  6    Str: 19    XL:     4   Next: 90%
Magic:  4/4        EV: 10    Int:  9    God:
Gold:   71         SH:  5    Dex: 12    Spells: 3/3 levels left

rFire   . . .      SeeInvis .    a - +0 long sword
rCold   + . .      Faith    .    (no shield)
rNeg    . . .      Spirit   .    b - +0 scale mail
rPois   +          Reflect  +    (no helmet)
rElec   .          Rampage  .    (no cloak)
rCorr   +                        (no gloves)
Will    .....                    (no boots) Stlth
                                 o - amulet of reflection
HPRegen 0.25/turn                h - ring of protection from cold
MPRegen 0.09/turn                k - ring of the Saviour {rPois rCorr Slay+4}

@: attractive
A: claws 1, demonic guardian 1
a: no special abilities


You were on level 3 of the Dungeon.
You visited 1 branch of the dungeon, and saw 3 of its levels.

You collected 71 gold pieces.

Inventory:

Hand Weapons
 a - a +0 long sword (weapon)
Missiles
 l - 6 poisoned darts (quivered)
Armour
 b - a +0 scale mail (worn)
 c - a +0 buckler
Jewellery
 h - a ring of protection from cold (left claw)
 k - the ring of the Saviour (right claw) {rPois rCorr Slay+4}
   (You found it on level 3 of the Dungeon)

   [ring of slaying]

   Slay:      It affects your accuracy & damage with ranged weapons and melee
   (+4).
   rPois:     It protects you from poison.
   rCorr:     It protects you from acid and corrosion.
 o - an amulet of reflection (around neck)
Wands
 m - a wand of charming (5)
Scrolls
 e - a scroll of fear {unknown}
 f - 3 scrolls of blinking {unknown}
 g - a scroll of summoning {unknown}
 j - 2 scrolls of identify
 n - 2 scrolls of teleportation
 p - a scroll of enchant weapon {unknown}
Potions
 d - a potion of might


   Skills:
 - Level 3.2 Fighting
 + Level 3.3 Long Blades
 + Level 3.4 Armour
 * Level 1.5 Dodging
 - Level 0.1 Stealth
 - Level 2.7 Shields


You had 3 spell levels left.
You didn't know any spells.
Your spell library contained the following spells:

 Spells                   Type           Power      Damage    Failure   Level
 Ignite Poison            Fire/Tmut/Pois 0%         N/A       98%         3
 Sticky Flame             Conj/Fire      0%         2d3       100%        4
 Ignition                 Fire           0%         3d3       100%        8


Dungeon Overview and Level Annotations

Branches:
Dungeon (3/15)

Altars:
Xom

Shops:
D:1 *

Annotations:
D:3 Robin


Innate Abilities, Weirdness & Mutations

You have sharp fingernails.
A weak demonic guardian rushes to your aid.


Message History

You see here a bat corpse.
You closely miss the river rat. The river rat bites you.
The river rat closely misses you. The river rat bites you.
You closely miss the river rat. The river rat misses you.
You hit the river rat but do no damage. You block the river rat's attack.
You hit the river rat but do no damage. The river rat barely misses you.
You barely miss the river rat. The river rat bites you. x2
The river rat closely misses you.
The river rat bites you but does no damage.
You hit the river rat but do no damage. The river rat bites you. x2
You are too injured to fight recklessly!
You are too injured to fight recklessly!
You are too injured to fight recklessly!
You are too injured to fight recklessly!
You are too injured to fight recklessly!
You are too injured to fight recklessly!
You are too injured to fight recklessly!
You barely miss the river rat. The river rat barely misses you.
The river rat closely misses you. The river rat attacks as you move away!
The river rat bites you but does no damage.
You closely miss the river rat.
The river rat bites you but does no damage.
You hit the river rat.
The river rat is moderately wounded.
The river rat bites you!
* * * LOW HITPOINT WARNING * * *
You closely miss the river rat.
The river rat is moderately wounded.
You block the river rat's attack. The river rat bites you.
* * * LOW HITPOINT WARNING * * *
You hit the river rat but do no damage.
The river rat is moderately wounded.
The river rat bites you.
* * * LOW HITPOINT WARNING * * *
A demonic guardian appears!
It was a potion of attraction.
You feel attractive to monsters. The river rat bites you.
You die...

.....##### ##.####
.....# #....# # #....#
#....# . #....#
#..#...# #. #....#
##.#>### #.# #....#
#..#### ... #....#
#.....# #.### ###.##
##.##.# #.^.# #.#
#@##.########.# #.#
#########r##..........#
#.#
~~~~~~~†5r#############
#.# ##~#~#~~### #.#
~~.~.# #.# .~.....# #..
........# ##. ..#######
#


You could see 2 river rats and a friendly white imp (summoned).

Vanquished Creatures
  An orc priest (D:3)
  3 adders (D:2)
  A worm (D:3)
  A dart slug (D:1)
  5 orcs (D:3)
  11 bats
  6 endoplasms
  A giant cockroach (D:1)
  4 goblins
  4 hobgoblins (D:1)
  3 quokkas
  4 ball pythons
  2 frilled lizards (D:1)
  6 kobolds
  8 rats
60 creatures vanquished.

Vanquished Creatures (collateral kills)
  2 orcs (D:3)
2 creatures vanquished.

Grand Total: 62 creatures vanquished

Notes
Turn   | Place    | Note
-------+----------+-------------------------------------------
     0 | D:1      | dialectric the Demonspawn Fighter began the quest for the
                  | Orb.
     0 | D:1      | Reached XP level 1. HP: 18/18 MP: 1/1
   191 | D:1      | Gained mutation: You have sharp fingernails. [demonic
                  | ancestry]
   191 | D:1      | Reached XP level 2. HP: 17/24 MP: 2/2
   481 | D:1      | Reached XP level 3. HP: 29/29 MP: 3/3
   653 | D:1      | Found Zeowa's General Store.
   856 | D:1      | Reached skill level 1 in Dodging
  1459 | D:2      | Gained mutation: A weak demonic guardian rushes to your
                  | aid. [demonic ancestry]
  1459 | D:2      | Reached XP level 4. HP: 35/35 MP: 4/4
  1936 | D:3      | Identified the ring of the Saviour {rPois rCorr Slay+4}
  1964 | D:3      | Found a shimmering altar of Xom.
  1965 | D:3      | Noticed Robin
  2055 | D:3      | Slain by a river rat

Illustrated notes

Levels and vault maps discovered:
D:1:      kennysheep_arrival_seaside, layout_basic, serial_corexii_hall,
          corexii_hall_statues_l, corexii_hall_statues_l, serial_shops,
          nicolae_shop_hallway_plus
D:2:      layout_basic, kennysheep_generic_room_9
D:3:      layout_basic, nicolae_overflow_hidden_temple,
          lightli_sewer_entry_pipes, uniq_grinder, uniq_robin, uniq_terence

Skill      XL: |  1  2  3  4 |
---------------+-------------+-----
Armour         | 3 |  3.4
Long Blades    | 2 3 |  3.3
Dodging        | 1 |  1.5
Fighting       | |  3.2
Stealth        | |  0.1
Shields        | |  2.7

Action                     |  1- 3 |  4- 6 || total
---------------------------+-------+-------++-------
  Melee: Long sword        |   140 |    49 ||   189
    Use: Scroll            |     2 |       ||     2
         Potion            |       |     3 ||     3
 Armour: Scale mail        |    94 |    13 ||   107
  Dodge: Dodged            |    74 |    31 ||   105
  Block: Other             |       |     7 ||     7

Table legend: (Time is in decaauts)
 A = Elapsed time spent in this place.
 B = Non-inter-level travel time spent in this place.
 C = Inter-level travel time spent in this place.
 D = Time resting spent in this place.
 E = Time spent auto-exploring this place.
 F = Levels seen in this place.
 G = Mean time per level.
                   A        B        C        D        E       F      G
               +--------+--------+--------+--------+--------+-----+--------+
         Total |   2107 |   2075 |     32 |     72 |   1491 |   3 |  702.3 |
       Dungeon |   2107 |   2075 |     32 |     72 |   1491 |   3 |  702.3 |
               +--------+--------+--------+--------+--------+-----+--------+

Top non-repeatable levels by time:
     D:1: 1111 daAuts
     D:2: 674 daAuts
     D:3: 322 daAuts
